 Dungeon Crawl Stone Soup version 0.20-a0-2-g2b0e13a (webtiles) character file.

173863 Mirvelgyr the Severer (level 17, -12/163 HPs)
             Began as a Minotaur Berserker on Oct 28, 2016.
             Was an Elder of Trog.
             Killed from afar by a nagaraja (34 damage)
             ... with an orb of energy
             ... on level 4 of the Snake Pit on Oct 29, 2016.
             The game lasted 01:14:42 (35099 turns).

Mirvelgyr the Severer (Minotaur Berserker)         Turns: 35099, Time: 01:14:43

Health: -12/163    AC: 29    Str: 27    XL:     17   Next: 44%
Magic:  0/16       EV: 17    Int:  4    God:    Trog [****..]
Gold:   320        SH:  0    Dex: 12    Spells: 0 memorised, 16 levels left

rFire  + . .     SeeInvis .     B - +9 battleaxe
rCold  . . .     Gourm    .     O - +2 plate armour {MR+}
rNeg   . . .     Faith    .     (shield currently unavailable)
rPois  .         Spirit   +     g - +2 hat
rElec  .         Reflect  .     v - +2 cloak
rCorr  .         Harm     .     X - +0 pair of gloves
MR     ++...                    (no boots)
Stlth  ..........               y - amulet of guardian spirit
                                U - +4 ring of evasion
                                J - ring of protection from fire

@: lethally poisoned (-12 -> -18), exhausted, slowed, constricted, very slow
A: retaliatory headbutt, horns 2, yellow scales 1, screaming 1, no device heal
1, subdued magic 1
a: Berserk, Trog's Hand, Brothers in Arms, Burn Spellbooks, Renounce Religion


You were on level 4 of the Snake Pit.
You worshipped Trog.
Trog was greatly pleased with you.
You were very hungry.

You visited 4 branches of the dungeon, and saw 27 of its levels.

You collected 2449 gold pieces.
You spent 2129 gold pieces at shops.

Inventory:

Hand Weapons
 B - a +9 battleaxe (weapon)
Armour
 g - a +2 hat (worn)
 v - a +2 cloak (worn)
 N - a +3 plate armour of cold resistance
 O - a +2 plate armour of magic resistance (worn)
 X - a +0 pair of gloves (worn)
Jewellery
 l - a +4 ring of slaying
 x - an uncursed ring of flight
 y - an amulet of guardian spirit (around neck)
 E - an uncursed ring of protection from magic
 J - a ring of protection from fire (left hand)
 T - an uncursed ring of protection from fire
 U - a +4 ring of evasion (right hand)
Wands
 h - a wand of teleportation (4/9)
 F - a wand of disintegration (24/24)
 G - a wand of disintegration (12/24)
 Y - a wand of digging (10/24)
Scrolls
 a - 2 scrolls of summoning
 d - a scroll of enchant weapon
 e - 10 scrolls of teleportation
 i - 2 scrolls of recharging
 m - a scroll of fear
 r - a scroll of silence
 w - 6 scrolls of remove curse
 A - 6 scrolls of magic mapping
 D - 2 scrolls of fog
 K - 11 scrolls of identify
 L - 3 scrolls of enchant armour
Potions
 b - 8 potions of curing
 j - 5 potions of flight
 k - 5 potions of agility
 o - a potion of heal wounds
 p - a potion of haste
 q - 3 potions of resistance
 s - 7 potions of ambrosia
 C - 2 potions of cancellation
 Q - a potion of brilliance
 S - 2 potions of might
 W - a potion of magic
Books
 c - a book of Debilitation

   Spells                             Type                      Level
   a - Corona                         Hexes                        1
   b - Slow                           Hexes                        2
   c - Gell's Gravitas                Hexes/Translocation          3
   d - Inner Flame                    Hexes/Fire                   3
   e - Cause Fear                     Hexes                        4
   f - Leda's Liquefaction            Hexes/Earth                  4
   Trog disapproves of the use of such an item.
 R - a book of Clouds

   Spells                             Type                      Level
   a - Mephitic Cloud                 Conjuration/Poison/Air       3
   b - Conjure Flame                  Conjuration/Fire             3
   c - Poisonous Cloud                Conjuration/Poison/Air       6
   d - Freezing Cloud                 Conjuration/Ice/Air          6
   e - Ring of Flames                 Charms/Fire                  7
   Trog disapproves of the use of such an item.
Miscellaneous
 u - a phial of floods
Comestibles
 f - 6 meat rations
 n - 5 beef jerkies
 t - 8 royal jellies
 z - 13 fruits
 I - 2 slices of pizza


   Skills:
 - Level 17.7 Fighting
 - Level 20.2 Axes
 - Level 17.5 Armour
 + Level 16.3 Dodging


You had 16 spell levels left.
You didn't know any spells.

Dungeon Overview and Level Annotations

Branches:
Dungeon (15/15)            Temple (0/1) D:4            Lair (6/6) D:11
 Shoals (0/4) Lair:4        Snake (4/4) Lair:4        Slime (0/5) Lair:5
    Orc (2/2) D:9             Elf (0/3) Orc:2        Vaults (0/5) D:13
 Depths (0/5) D:15

Altars:
Nemelex Xobeh

Shops:
D:11 *   Orc:2 [[:?   Snake:2 }=}


Innate Abilities, Weirdness & Mutations

You reflexively headbutt those who attack you in melee.
You have a pair of horns on your head.
You are partially covered in yellow scales. (AC +2)
You occasionally shout uncontrollably at your foes.
Potions and wands are less effective at restoring your health.
Your spells are a little easier to cast, but a little less powerful.


Message History

You feel better.
The nagaraja hits you but does no damage.
* * * LOW HITPOINT WARNING * * *
The nagaraja constricts you.
You slice the nagaraja!! You headbutt the nagaraja!
The nagaraja is almost dead.
The nagaraja casts a spell at you. The poison arrow hits you!
You are poisoned.
* * * LOW HITPOINT WARNING * * *
x2 The nagaraja constricts you.
Your system partially rejects the healing.
You feel much better.
You feel sick.
The nagaraja gestures at you while chanting.
You resist with almost no effort.
* * * LOW HITPOINT WARNING * * *
The nagaraja constricts you.
The nagaraja points at you and mumbles some strange words.
The orb of energy hits you!
You die...

#...'.....# #....#.
..###.....#.....8...8... #....##
...##.....#...⌠.......⌠. #......
..#.#.....#.....8...8.... #......
....#.....#...............#..####
...##.....#.....8...8.....#.(#...
...#......##.⌠.........⌠.##.()...
####.......#...N8...8....#..##...
# #####...##..)@.......##..#....
#....#.....⌠.....#...#....
#....##..)).)...##...##...
#...!.###)))).###.....#...
##....####)).##.......#..#
#...##..()...#.......####
#..##...()..##...........
#.##..((.####............
#.#...(###..........)....


You could see a nagaraja.

Vanquished Creatures
  Nikola (Snake:1)
  Gastronok (Lair:1)
  9 nagarajas
  Kirke (D:14)
  Aizul (Snake:2)
  A dire elephant (D:15)
  Snorg (Lair:5)
  Josephine (D:13)
  4 vault guards (D:13)
  6 hydras
  21 naga warriors
  Fannar (D:10)
  Erica (D:10)
  A centaur warrior (D:14)
  22 anacondas
  A death knight (D:15)
  3 death yaks (Lair:3)
  5 shock serpents
  20 naga sharpshooters
  2 salamander mystics
  6 naga ritualists
  3 hill giants
  Pikel (D:9)
  A lindwurm (Lair:4)
  2 orc knights
  12 mana vipers
  6 ugly things
  2 oklob plants
  2 manticores
  2 cyclopes
  9 salamanders
  20 naga magi
  29 black mambas
  12 spiny frogs
  11 guardian serpents
  Maurice (D:8)
  Joseph (Lair:1)
  3 centaur skeletons
  3 gargoyles
  A kobold demonologist (D:14)
  An efreet (D:15)
  3 rime drakes
  4 komodo dragons
  4 tengu conjurers (D:15)
  3 trolls
  A harpy zombie (D:15)
  4 polar bears
  A harpy skeleton (D:15)
  A wolf spider simulacrum (D:15)
  5 slime creatures
  Prince Ribbit (Lair:1)
  7 hornets
  3 two-headed ogres
  7 blink frogs
  8 hippogriffs
  A spriggan (shapeshifter) (D:15)
  A redback (Lair:6)
  A vampire (D:15)
  12 spriggans (Lair:6)
  3 wyverns (Lair:3)
  12 wraiths
  Grum (D:8)
  3 hogs (D:14)
  A water elemental (D:13)
  62 yaks
  3 vampire mosquitoes (D:15)
  4 basilisks
  2 hungry ghosts
  A steam dragon (Lair:5)
  2 mottled dragons
  Edmund (D:5)
  62 nagas
  Menkaure (D:6)
  Duvessa (D:6)
  2 soldier ants (D:12)
  9 water moccasins
  10 porcupines
  A hornet zombie (D:14)
  4 sky beasts
  A slave (D:9)
  5 black bears
  4 ice beasts
  2 necrophages (D:11)
  28 orc warriors
  12 ogres
  3 phantoms
  4 boggarts (Lair:6)
  41 wolves
  13 centaurs
  20 crocodiles
  17 bullfrogs
  Dowan (D:6)
  3 scorpions
  3 wights (D:11)
  16 killer bees
  9 electric eels
  10 crimson imps
  3 howler monkeys (D:11)
  6 centaur zombies
  A quasit (D:10)
  A wyvern simulacrum (D:13)
  A bullfrog zombie (D:12)
  2 bullfrog skeletons
  10 hounds
  10 orc priests
  3 jellies
  11 orc wizards
  3 iguanas
  8 worker ants
  2 hound zombies
  A hound skeleton (D:8)
  A worker ant zombie (D:9)
  10 adders
  4 gnolls (D:11)
  A howler monkey skeleton (D:8)
  3 shadow imps
  A white imp (D:13)
  An ooze (shapeshifter) (D:13)
  2 worms (D:2)
  2 dart slugs
  5 leopard geckos
  41 orcs
  8 giant cockroaches
  16 goblins
  7 hobgoblins
  22 jackals
  10 kobolds
  2 quokkas
  A ball python (D:4)
  7 bats
  5 frilled lizards
  A jackal zombie (D:8)
  3 rats
  5 fungi
  5 plants
900 creatures vanquished.

Vanquished Creatures (others)
  2 slaves (D:9)
  3 fungi
  10 plants
15 creatures vanquished.

Grand Total: 915 creatures vanquished

Notes
Turn   | Place    | Note
-------+----------+-------------------------------------------
     0 | D:1      | Mirvelgyr the Minotaur Berserker began the quest for the Orb.
     0 | D:1      | Reached XP level 1. HP: 19/19 MP: 0/0
   211 | D:1      | Reached skill level 4 in Axes
   215 | D:1      | Reached XP level 2. HP: 8/26 MP: 1/1
   768 | D:1      | Reached skill level 5 in Axes
   864 | D:1      | Reached XP level 3. HP: 27/31 MP: 2/2
   950 | D:1      | Reached ** piety under Trog
  1721 | D:2      | Reached XP level 4. HP: 39/39 MP: 3/3
  1760 | D:2      | Reached skill level 6 in Axes
  2155 | D:2      | Found a sparkling altar of Nemelex Xobeh.
  2450 | D:3      | Reached skill level 7 in Axes
  2450 | D:3      | Reached XP level 5. HP: 41/45 MP: 4/4
  3048 | D:4      | Reached skill level 8 in Axes
  3128 | D:4      | Reached *** piety under Trog
  3128 | D:4      | Reached XP level 6. HP: 48/51 MP: 5/5
  3487 | D:4      | Found a staircase to the Ecumenical Temple.
  3509 | D:5      | Entered Level 5 of the Dungeon
  3549 | D:5      | Noticed Edmund
  3582 | D:5      | Killed Edmund
  3582 | D:5      | Reached skill level 9 in Axes
  3661 | D:5      | Reached XP level 7. HP: 34/57 MP: 6/6
  4205 | D:5      | Reached skill level 10 in Axes
  4474 | D:6      | Noticed Menkaure
  4480 | D:6      | Killed Menkaure
  4480 | D:6      | Reached skill level 11 in Axes
  4538 | D:6      | Noticed Duvessa
  4538 | D:6      | Noticed Dowan
  4552 | D:6      | Killed Duvessa
  4552 | D:6      | Reached XP level 8. HP: 54/64 MP: 7/7
  4555 | D:6      | Killed Dowan
  4706 | D:6      | Reached skill level 12 in Axes
  5453 | D:7      | Reached skill level 13 in Axes
  5541 | D:7      | Noticed a hippogriff
  5550 | D:7      | Killed a hippogriff
  5967 | D:7      | Reached XP level 9. HP: 70/70 MP: 8/8
  5993 | D:7      | Reached skill level 14 in Axes
  6124 | D:8      | Noticed Maurice
  6124 | D:8      | Noticed Grum
  6137 | D:8      | Killed Grum
  6148 | D:8      | Killed Maurice
  6148 | D:8      | Reached skill level 15 in Axes
  6154 | D:8      | Received a gift from Trog
  6803 | D:8      | Gained mutation: You are partially covered in yellow scales. (AC +2) [mutagenic meat]
  6804 | D:8      | Gained mutation: Your spells are a little easier to cast, but a little less powerful. [mutagenic meat]
  6805 | D:8      | Gained mutation: Your spells are easier to cast, but less powerful. [mutagenic meat]
  6985 | D:9      | Noticed Pikel
  6996 | D:9      | Killed Pikel
  6996 | D:9      | Reached skill level 16 in Axes
  7074 | D:9      | Reached XP level 10. HP: 73/77 MP: 9/9
  7360 | D:9      | Reached **** piety under Trog
  7376 | D:9      | Found a staircase to the Orcish Mines.
  8092 | D:10     | Entered Level 10 of the Dungeon
  8180 | D:10     | Noticed Fannar
  8204 | D:10     | Killed Fannar
  8204 | D:10     | Reached skill level 5 in Fighting
  8267 | D:10     | Noticed a gargoyle
  8267 | D:10     | Noticed Erica
  8282 | D:10     | Killed Erica
  8282 | D:10     | Reached skill level 5 in Armour
  8285 | D:10     | Killed a gargoyle
  8547 | D:10     | Gained mutation: You are clumsy. (Dex -2) [potion of mutation]
  8547 | D:10     | Gained mutation: Your movements are slightly less encumbered by armour. (ER -2) [potion of mutation]
  8548 | D:10     | Lost mutation: You are clumsy. (Dex -2) [potion of cure mutation]
  8548 | D:10     | Lost mutation: Your spells are easier to cast, but less powerful. [potion of cure mutation]
  8548 | D:10     | Lost mutation: Your movements are slightly less encumbered by armour. (ER -2) [potion of cure mutation]
  8548 | D:10     | Lost mutation: Your spells are a little easier to cast, but a little less powerful. [potion of cure mutation]
 10603 | D:11     | Found a staircase to the Lair.
 10612 | D:11     | Reached XP level 11. HP: 85/94 MP: 10/10
 10625 | D:11     | Found Loloty's General Store.
 10628 | D:11     | Bought a scroll of magic mapping for 42 gold pieces
 10628 | D:11     | Bought a potion of heal wounds for 60 gold pieces
 10628 | D:11     | Bought a potion of heal wounds for 60 gold pieces
 10821 | D:11     | Noticed a hill giant
 10830 | D:11     | Killed a hill giant
 11385 | D:12     | Gained mutation: Potions and wands are less effective at restoring your health. [mutagenic meat]
 11387 | D:12     | Gained mutation: You occasionally shout uncontrollably at your foes. [mutagenic meat]
 11389 | D:12     | Gained mutation: Your spells are a little easier to cast, but a little less powerful. [mutagenic meat]
 11398 | D:12     | Noticed a brown ugly thing
 11408 | D:12     | Killed a brown ugly thing
 11420 | D:12     | Reached skill level 10 in Fighting
 11849 | D:12     | Noticed a brown ugly thing
 11856 | D:12     | Killed a brown ugly thing
 11869 | D:12     | Reached skill level 10 in Armour
 12137 | Lair:1   | Entered Level 1 of the Lair of Beasts
 12139 | Lair:1   | Noticed a seven-headed hydra
 12147 | Lair:1   | Killed a ten-headed hydra
 12147 | Lair:1   | Reached skill level 17 in Axes
 12296 | Lair:1   | Noticed Joseph
 12304 | Lair:1   | Killed Joseph
 12402 | Lair:1   | Noticed Prince Ribbit
 12404 | Lair:1   | Reached XP level 12. HP: 80/108 MP: 11/11
 12407 | Lair:1   | Killed Prince Ribbit
 12663 | Lair:1   | Reached skill level 18 in Axes
 12756 | Lair:1   | Noticed Gastronok
 12768 | Lair:1   | Killed Gastronok
 13668 | Lair:2   | Reached skill level 19 in Axes
 13935 | Lair:2   | Reached ***** piety under Trog
 14910 | Lair:3   | Noticed a death yak
 14911 | Lair:3   | Noticed a death yak
 14912 | Lair:3   | Noticed a death yak
 14916 | Lair:3   | Killed a death yak
 14932 | Lair:4   | Reached skill level 20 in Axes
 14938 | Lair:4   | HP: 1/162 [blink frog (13)]
 15122 | Lair:3   | Noticed an eight-headed hydra
 15131 | Lair:3   | Killed a 13-headed hydra
 15497 | Lair:3   | Killed a death yak
 15502 | Lair:3   | Killed a death yak
 15502 | Lair:3   | Reached XP level 13. HP: 70/116 MP: 12/12
 16342 | Lair:4   | Found a staircase to the Snake Pit.
 16775 | Lair:4   | Found a staircase to the Shoals.
 17472 | Lair:5   | Noticed Snorg
 17482 | Lair:5   | Killed Snorg
 17547 | Lair:5   | Found a staircase to the Slime Pits.
 18050 | Lair:6   | Entered Level 6 of the Lair of Beasts
 19202 | Lair:6   | Reached XP level 14. HP: 129/130 MP: 13/13
 19429 | Lair:6   | Received a gift from Trog
 20056 | Orc:1    | Entered Level 1 of the Orcish Mines
 20184 | Orc:2    | Entered Level 2 of the Orcish Mines
 21185 | Orc:2    | Found a staircase to the Elven Halls.
 21272 | Orc:2    | Found Jemmor Azizu's Book Shop.
 21272 | Orc:2    | Found Viteattoxo's Armour Emporium.
 21274 | Orc:2    | Found Ruestreus's Antique Armour Shoppe.
 21276 | Orc:2    | Found Xois's Magic Scroll Boutique.
 21288 | Orc:2    | Bought a scroll of identify for 26 gold pieces
 21288 | Orc:2    | Bought a scroll of identify for 26 gold pieces
 21288 | Orc:2    | Bought 3 scrolls of magic mapping for 136 gold pieces
 21288 | Orc:2    | Bought a scroll of teleportation for 39 gold pieces
 21288 | Orc:2    | Bought a scroll of enchant armour for 97 gold pieces
 21288 | Orc:2    | Bought a scroll of enchant armour for 97 gold pieces
 21288 | Orc:2    | Bought a scroll of identify for 26 gold pieces
 21293 | Orc:2    | Bought a shiny plate armour for 1044 gold pieces
 21633 | Snake:1  | Entered Level 1 of the Snake Pit
 21659 | Snake:1  | Reached skill level 15 in Fighting
 21696 | Lair:4   | HP: 4/135 [salamander/glaive (6)]
 22232 | D:13     | Reached skill level 15 in Armour
 22325 | D:13     | Noticed Josephine
 22333 | D:13     | Killed Josephine
 22405 | D:13     | Found a gate to the Vaults.
 23082 | D:14     | Noticed Kirke
 23099 | D:14     | Killed Kirke
 23396 | D:14     | Reached XP level 15. HP: 144/144 MP: 12/14
 23932 | D:15     | Entered Level 15 of the Dungeon
 24875 | D:15     | Found a staircase to the Depths.
 25502 | Snake:1  | Received a gift from Trog
 25623 | Snake:1  | Noticed Nikola
 26201 | Snake:1  | Killed Nikola
 27071 | Snake:2  | Noticed a nagaraja
 27079 | Snake:2  | Killed a nagaraja
 27378 | Snake:2  | Reached skill level 5 in Dodging
 28204 | Snake:2  | Noticed Aizul
 28221 | Snake:2  | Killed Aizul
 28221 | Snake:2  | Reached XP level 16. HP: 87/157 MP: 8/15
 28824 | Snake:2  | Found Lustinn's Gadget Shop.
 28825 | Snake:2  | Found Ceqija Vimi's Jewellery Shoppe.
 28827 | Snake:2  | Found Tiqa's Gadget Shop.
 28836 | Snake:2  | Bought a wand of digging (10/24) for 476 gold pieces
 30706 | Snake:3  | Reached skill level 10 in Dodging
 32604 | Snake:4  | Entered Level 4 of the Snake Pit
 32856 | Snake:4  | Received a gift from Trog
 32905 | Snake:4  | Reached XP level 17. HP: 127/163 MP: 8/16
 33651 | Snake:4  | Reached skill level 15 in Dodging
 35099 | Snake:4  | Killed from afar by a nagaraja

Vault maps used:
D:1:      scummos_arrival_checkerplants, kennysheep_pointless_box,
          minmay_split_cup_large
D:2:      first_bread, roderic_roman_lattice, nemelex_diamond_rough_becter
D:5:      hangedman_abyss_or_decor_passed, uniq_edmund
D:6:      uniq_menkaure, uniq_duvessa
D:8:      kennysheep_small_square, uniq_maurice, uniq_grum
D:9:      erik_orc_3, uniq_pikel
D:10:     serial_bayou, serial_bayou_shore_b, serial_bayou_crossing,
          serial_bayou_ford_a, serial_bayou_lake_a, kennysheep_generic_room_5,
          uniq_fannar, uniq_erica
D:11:     lair_0_dummy, serial_shops, kennysheep_mini
D:12:     hangedman_pestilent_swarm
D:13:     lightli_vaults_fourway_checkpoint, serial_ice, serial_ice_g,
          serial_ice_l, serial_ice_a, serial_ice_b,
          minmay_guarded_unrand_finisher, uniq_josephine
D:14:     serial_bayou_pond_e, uniq_kirke
D:15:     hangedman_depths_entry_try_elsewhere_first, minmay_misc_feat_tiny
Lair:1:   uniq_gastronok, uniq_prince_ribbit2, uniq_joseph
Lair:3:   st_stairs_8, grunt_megastairs_5, serial_bayou_shore_a
Lair:4:   shoals_dummy_entry, guppyfry_snake_entry_island, lab_entry_generic,
          lemuel_fruit_tree, infiniplex_staircase_pool_2
Lair:5:   slime_dummy, uniq_snorg
Lair:6:   minmay_lair_end_enchanted_forest
Snake:1:  uniq_aizul, uniq_nikola
Snake:2:  serial_bayou_shore_b, grunt_megastairs_2, minmay_shop_grove
Snake:3:  serial_bayou_pond_a
Snake:4:  grunt_snake_rune_serpentine_throne
Orc:1:    basic_altar
Orc:2:    st_orc_rangers

Skill      XL: |  1  2  3  4  5  6  7  8  9 10 11 12 13 14 15 16 17 |
---------------+----------------------------------------------------+-----
Axes           | 4 5 7 8 9 11 13 16 17 20 | 20.2
Fighting       | 8 10 11 13 16 17 | 17.7
Armour         | 7 10 13 16 17 | 17.5
Dodging        | 7 14 16 | 16.3

Action                   |  1- 3 |  4- 6 |  7- 9 | 10-12 | 13-15 | 16-18 || total
-------------------------+-------+-------+-------+-------+-------+-------++-------
Melee: Hand axe          |    97 |   153 |   208 |   241 |       |       ||   699
       Headbutt          |    17 |    26 |    40 |   104 |   224 |   126 ||   537
       Battleaxe         |       |       |       |   253 |   943 |   483 ||  1679
Invok: Berserk           |     1 |     1 |     6 |    16 |    18 |    10 ||    52
       Trog's Hand       |     1 |     3 |     6 |    27 |    55 |    29 ||   121
       Burn Spellbooks   |       |       |     2 |     1 |     1 |     1 ||     5
  Use: Potion            |       |     1 |     1 |     7 |     4 |     4 ||    17
       Scroll            |       |     8 |    11 |     6 |    15 |     3 ||    43
 Stab: Sleeping          |     1 |       |       |       |       |       ||     1
  Eat: Chunk             |     3 |     8 |    19 |    43 |    43 |     7 ||   123
       Bread ration      |       |       |     1 |     3 |     2 |     5 ||    11
       Meat ration       |       |       |       |     1 |     2 |       ||     3
       Fruit             |       |       |       |       |     2 |     9 ||    11
       Beef jerky        |       |       |       |       |     2 |     1 ||     3
       Royal jelly       |       |       |       |       |     3 |     1 ||     4
       Pizza             |       |       |       |       |     1 |       ||     1
Armor: Animal skin       |     7 |       |       |       |       |       ||     7
       Ring mail         |    20 |     8 |       |       |       |       ||    28
       Chain mail        |       |    55 |    84 |   127 |       |       ||   266
       Plate armour      |       |       |       |    82 |   583 |   223 ||   888
Dodge: Dodged            |    62 |    56 |    67 |   160 |   349 |   324 ||  1018
